 Dungeon Crawl Stone Soup version 0.25.1-2-g60ff931df9 (webtiles) character file.

Game seed: 405656801276223277

31306 DildoBatman the Peltast (level 13, -8/93 HPs)
             Began as a Formicid Wizard on Sept 9, 2020.
             Was an Initiate of Gozag.
             Mangled by a white ugly thing (28 damage)
             ... on level 14 of the Dungeon.
             The game lasted 01:13:58 (16884 turns).

DildoBatman the Peltast (Formicid Wizard)          Turns: 16884, Time: 01:13:59

Health: -8/93      AC:  2    Str: 11    XL:     13   Next: 95%
Magic:  5/21       EV: 13    Int: 28    God:    Gozag
Gold:   1535       SH: 18    Dex:  9    Spells: 2/23 levels left

rFire    + . .     SeeInvis +   a - +5 flail (protect)
rCold    . . .     Gourm    .   H - +0 tower shield
rNeg     + . .     Faith    .   o - +0 troll leather armour
rPois    +         Spirit   .   (helmet unavailable)
rElec    .         Reflect  .   Y - +0 cloak
rCorr    .         Harm     .   (no gloves)
MR       ++...                  V - +0 pair of boots "Qilem" {*Slow rF+ rN+ Int+4} (curse)
Stlth    ++........             g - amulet of the acrobat
HPRegen  0.65/turn              M - ring of poison resistance
MPRegen  0.17/turn              B - ring of protection from magic

@: corroded, gold aura, protection aura
A: permanent stasis, dig shafts and tunnels, four strong arms, antennae 3
a: Dig, Shaft Self, Potion Petition, Call Merchant, Bribe Branch, Renounce
Religion


You were on level 14 of the Dungeon.
You worshipped Gozag.
Gozag was most pleased with you.
You were full.

You visited 3 branches of the dungeon, and saw 17 of its levels.
You also visited: Bailey.

You collected 2097 gold pieces.
You paid 562 gold pieces to Gozag.

Inventory:

Hand Weapons
 a - a +5 flail of protection (weapon)
 b - a +2 dagger of venom
 c - a +0 vorpal hunting sling
 d - a +2 falchion of flaming
 e - a +3 halberd
Missiles
 f - 90 bolts
 k - 396 arrows
 n - 372 stones
 y - 2 atropa-tipped darts
 A - 5 silver javelins
 D - 95 sling bullets
 I - 61 poisoned darts (quivered)
 P - a throwing net
Armour
 o - a +0 troll leather armour (worn)
 H - a +0 tower shield (worn)
 V - the cursed +0 pair of boots "Qilem" (worn) {*Slow rF+ rN+ Int+4}
   (You found it in a bailey)

   It affects your intelligence (+4).
   It protects you from fire.
   It protects you from negative energy.
   It may slow you when you take damage.
   It has a curse placed upon it.
 Y - a +0 cloak (worn)
Jewellery
 g - an amulet of the acrobat (around neck)
 u - an uncursed ring of ice
 B - a ring of protection from magic (right hand)
 M - a ring of poison resistance (left hand)
 W - an uncursed ring of positive energy
 X - an uncursed ring of fire
Wands
 J - a wand of paralysis (9)
 K - a wand of flame (29)
 U - a wand of acid (12)
Scrolls
 h - 5 scrolls of fog
 i - a scroll of silence {unknown}
 q - a scroll of acquirement {unknown}
 s - 3 scrolls of immolation
 x - 10 scrolls of remove curse
 z - 5 scrolls of identify
 C - 3 scrolls of magic mapping
 O - a scroll of fear
 Q - a scroll of noise {unknown}
 Z - a scroll of blinking {unknown}
Potions
 j - 3 potions of brilliance {unknown}
 l - 3 potions of heal wounds
 m - 4 potions of might
 p - 4 potions of cancellation
 r - 6 potions of curing
 t - a potion of magic {unknown}
 E - 4 potions of lignification {unknown}
 F - 3 potions of haste {unknown}
 G - 3 potions of ambrosia {unknown}
 L - 7 potions of flight
 N - 2 potions of degeneration {unknown}
 R - 2 potions of mutation {unknown}
 S - a potion of stabbing {unknown}
Miscellaneous
 T - a phial of floods
Comestibles
 v - 22 rations


   Skills:
 * Level 5.9 Fighting
 * Level 5.8 Armour
 * Level 5.3 Dodging
 - Level 2.4 Stealth
 - Level 15.0 Shields
 * Level 5.5 Spellcasting
 - Level 6.0 Conjurations
   Level 1.0 Summonings
 - Level 9.0 Necromancy
   Level 0.8 Translocations
 - Level 5.0 Fire Magic
 - Level 5.0 Air Magic
 - Level 9.0 Earth Magic


You had 2 spell levels left.
You knew the following spells:

 Your Spells              Type           Power        Failure   Level  Hunger
a - Conjure Flame         Conj/Fire      #####...     2%          3    None
b - Borgnjor's Vile Clut  Necr/Erth      ######....   5%          5    #####..
c - Magic Dart            Conj           ####         1%          1    None
d - Vampiric Draining     Necr           ######....   1%          3    None
e - Mephitic Cloud        Conj/Pois/Air  ####....     5%          3    None
h - Dispel Undead         Necr           ######..     1%          4    ###....
z - Sublimation of Blood  Necr           ######....   1%          2    None

Your spell library contained the following spells:

 Spells                   Type           Power        Failure   Level  Hunger
 Animate Skeleton         Necr           N/A          1%          1    None
 Pain                     Necr           ####         1%          1    None
 Shock                    Conj/Air       ####         1%          1    None
 Apportation              Tloc           ##....       5%          1    None
 Summon Butterflies       Summ           ##......     5%          1    None
 Corona                   Hex            #......      9%          1    None
 Call Imp                 Summ           ##......     9%          2    None
 Slow                     Hex            #.......     12%         2    None
 Animate Dead             Necr           N/A          1%          4    ###....
 Static Discharge         Conj/Air       #####...     2%          3    None
 Agony                    Necr           ######..     5%          5    #####..
 Inner Flame              Hex/Fire       ###.....     9%          3    None
 Airstrike                Air            #####.....   11%         4    ###....
 Leda's Liquefaction      Hex/Erth       ####......   13%         4    ###....
 Lesser Beckoning         Tloc           ##........   17%         3    None
 Portal Projectile        Hex/Tloc       ##....       21%         3    None
 Tukima's Dance           Hex            #.......     24%         3    None
 Lightning Bolt           Conj/Air       #####.....   24%         5    #####..
 Excruciating Wounds      Chrm/Necr      ####......   34%         5    #####..
 Cause Fear               Hex            #.........   63%         4    ###....
 Alistair's Intoxication  Tmut/Pois      #.......     92%         5    #####..
 Invisibility             Hex            #.......     100%        6    ######.
 Haunt                    Necr/Summ      #####.....   100%        7    #######
 Borgnjor's Revivificati  Necr           ######....   100%        8    #######
 Death's Door             Chrm/Necr      ####......   100%        8    #######
 Infestation              Necr           ######....   100%        8    #######
 Necromutation            Tmut/Necr      ####......   100%        8    #######
 Swiftness                Chrm/Air       Unusable     N/A         2    N/A
 Blink                    Tloc           Unusable     N/A         2    N/A

Dungeon Overview and Level Annotations

Branches:
Dungeon (14/15)            Temple (1/1) D:6            Lair (0/6) D:10
    Orc (2/2) D:9             Elf (0/3) Orc:2        Vaults (0/5) D:13
 Bailey (visited)

Altars:
Ashenzari
Cheibriados
Dithmenos
Elyvilon
Fedhas
Gozag
Hepliaklqana
Kikubaaqudgha
Makhleb
Nemelex Xobeh
Okawaru
Qazlal
Ru
Sif Muna
Trog
Uskayaw
Vehumet
Wu Jian
Xom
Yredelemnul
Zin
The Shining One
Beogh

Shops:
D:8 =

Portals:
Trove: D:10 (show slimy rune of Zot)

Annotations:
D:4 exclusion: air elemental
D:6 1 transporter
Orc:2 Saint Roka


Innate Abilities, Weirdness & Mutations

You cannot be hasted, slowed, berserked, paralysed or teleported.
You can dig through walls and to a lower floor.
Your four strong arms can wield two-handed weapons with a shield.
You have a pair of large antennae on your head. (SInv)


Message History

The brown ugly thing tail-slaps you. The acid corrodes you!
You are splashed with acid!
The zombie hands constrict the white ugly thing.
The zombie hands constrict the brown ugly thing!
You block the white ugly thing's attack.
The brown ugly thing tail-slaps you.
You are splashed with acid!
You hit the white ugly thing but do no damage.
Your weapon exudes an aura of protection.
The white ugly thing is severely wounded.
The zombie hands constrict the white ugly thing!
The zombie hands constrict the brown ugly thing!
You kill the brown ugly thing!
The white ugly thing pecks you! The white ugly thing freezes you!!
The white ugly thing pecks you! The white ugly thing freezes you!!
You die...
Your body crumbles into a pile of gold.

##..####....## #...#
##..... ##..## ##....
#..## #.... #.. ##..#
#.... ##..## ##..##
#.... .###....##
####...##### .....
.........###...........
......
.............$@........
.......
.........$.$.u$.....###
#................#
#..........##....#
#..$#......###...#
#...##......# .....
#..$# #..............
#u.# #...#.......###
#... #...###....##


You could see a white ugly thing (clutched).

Vanquished Creatures
  An ettin (Orc:1)
  A hydra (D:8)
  2 vault guards (D:13)
  Erica (D:8)
  4 two-headed ogres
  An orc high priest (Orc:1)
  An unseen horror (D:11)
  3 orc knights (Bailey)
  2 orc sorcerers
  7 ugly things
  A manticore (D:13)
  2 cyclopes (D:11)
  Psyche (D:11)
  2 hydra zombies (D:13)
  3 trolls
  Grinder (D:2)
  3 hornets
  5 hippogriffs
  2 dream sheep (D:8)
  A meliai zombie (D:11)
  A vampire (D:13)
  Sigmund (D:4)
  A wraith (D:12)
  A wyvern (D:13)
  16 yaks
  10 humans
  7 hungry ghosts
  Edmund (D:3)
  4 wargs
  A human zombie (D:13)
  An ogre zombie (D:13)
  A water moccasin (D:8)
  4 black bears
  21 orc warriors
  2 sky beasts (D:12)
  An eye of draining (D:11)
  5 ice beasts
  8 ogres
  13 centaurs
  A crocodile (D:7)
  4 big kobolds (D:8)
  A komodo dragon zombie (D:13)
  6 bullfrogs
  2 wyvern zombies
  2 water moccasin zombies
  2 scorpions
  A wyvern skeleton (D:13)
  25 killer bees
  9 wights
  9 howler monkeys
  10 crimson imps
  5 hounds
  3 jellies
  A centaur skeleton (D:11)
  13 orc priests
  20 orc wizards
  3 bullfrog skeletons
  4 iguanas
  10 worker ants
  A hound zombie (D:5)
  A howler monkey zombie (D:7)
  14 adders
  4 gnolls (D:5)
  A howler monkey skeleton (D:7)
  6 shadow imps
  An ooze (D:4)
  2 adder zombies
  4 adder skeletons
  A worm (D:3)
  2 dart slugs
  3 leopard geckos
  105 orcs
  A ball python (D:2)
  4 giant cockroaches
  9 goblins
  12 hobgoblins
  2 jackals (D:3)
  4 quokkas
  6 bats
  3 frilled lizards
  A frilled lizard zombie (D:13)
  9 kobolds
  2 leopard gecko skeletons
  2 quokka skeletons
  13 rats
  A plant (D:10)
488 creatures vanquished.

Vanquished Creatures (collateral kills)
  A yak (D:13)
1 creature vanquished.

Vanquished Creatures (others)
  A human (D:13)
  A sky beast (D:11)
  A plant (D:10)
3 creatures vanquished.

Grand Total: 492 creatures vanquished

Notes
Turn   | Place    | Note
-------+----------+-------------------------------------------
     0 | D:1      | DildoBatman the Formicid Wizard began the quest for the
                  | Orb.
     0 | D:1      | Reached XP level 1. HP: 13/13 MP: 4/4
    22 | D:1      | Reached skill level 1 in Conjurations
   451 | D:1      | Reached XP level 2. HP: 19/19 MP: 0/6
  1594 | D:2      | Reached XP level 3. HP: 24/24 MP: 4/7
  1765 | D:2      | Reached XP level 4. HP: 18/30 MP: 3/8
  1914 | D:2      | Found an iron altar of Okawaru.
  2416 | D:3      | Reached XP level 5. HP: 35/35 MP: 3/9
  2700 | D:3      | Found a faded altar of an unknown god.
  2744 | D:3      | Learned a level 3 spell: Conjure Flame
  2748 | D:3      | Learned a level 3 spell: Mephitic Cloud
  3026 | D:4      | Noticed Grinder
  3308 | D:4      | Reached skill level 5 in Conjurations
  3308 | D:4      | Reached XP level 6. HP: 41/41 MP: 4/10
  3435 | D:4      | Found a shimmering altar of Xom.
  3637 | D:4      | Found a stormy altar of Qazlal.
  3637 | D:4      | Noticed an air elemental
  3640 | D:4      | Noticed a water elemental
  3640 | D:4      | Noticed a fire elemental
  3713 | D:5      | Entered Level 5 of the Dungeon
  3713 | D:5      | Noticed Sigmund
  3720 | D:5      | Noticed Edmund
  3775 | D:4      | Reached XP level 7. HP: 21/46 MP: 7/11
  4222 | D:5      | Reached skill level 1 in Fire Magic
  4222 | D:5      | Reached skill level 1 in Air Magic
  4648 | D:5      | Reached XP level 8. HP: 20/52 MP: 2/12
  5335 | D:6      | Found a staircase to the Ecumenical Temple.
  5344 | Temple   | Entered the Ecumenical Temple
  5426 | Temple   | Became a worshipper of Kikubaaqudgha
  5647 | D:4      | Killed Sigmund
  5676 | D:3      | Killed Edmund
  5975 | D:6      | Reached skill level 5 in Fire Magic
  6255 | D:6      | Found a sparkling altar of Nemelex Xobeh.
  6255 | D:6      | Found a transporter.
  6255 | D:6      | Noticed a red ugly thing
  6255 | D:6      | Noticed a meliai
  6468 | D:2      | Killed Grinder
  6468 | D:2      | Reached skill level 5 in Air Magic
  6468 | D:2      | Reached skill level 1 in Fighting
  6468 | D:2      | Reached skill level 1 in Armour
  6468 | D:2      | Reached XP level 9. HP: 50/59 MP: 3/13
  7408 | D:6      | Reached * piety under Kikubaaqudgha
  7408 | D:6      | Identified Kikubaaqudgha's Compendium of Evil
                  | (Kikubaaqudgha gifted it to you on level 6 of the Dungeon)
  7408 | D:6      | Received a gift from Kikubaaqudgha
  7434 | D:6      | Learned a level 2 spell: Sublimation of Blood
  7438 | D:6      | Learned a level 3 spell: Vampiric Draining
  7584 | D:7      | Reached skill level 1 in Necromancy
  8033 | D:7      | Noticed a hippogriff
  8044 | D:7      | Killed a hippogriff
  8257 | D:7      | Reached XP level 10. HP: 55/71 MP: 9/16
  8415 | D:7      | Found a radiant altar of Vehumet.
  8415 | D:7      | Found a glowing silver altar of Zin.
  8421 | D:7      | Found a basalt altar of Yredelemnul.
  8422 | D:7      | Found a sparkling altar of Nemelex Xobeh.
  8960 | D:8      | Reached ** piety under Kikubaaqudgha
  8988 | D:8      | Found Piebo's Jewellery Emporium.
  9211 | D:8      | Reached skill level 5 in Fighting
  9219 | D:8      | Reached skill level 5 in Armour
  9346 | D:8      | Noticed Erica
  9387 | D:8      | Killed Erica
  9387 | D:8      | Reached skill level 5 in Spellcasting
  9398 | D:8      | Reached skill level 5 in Dodging
  9634 | D:8      | Reached skill level 2 in Shields
  9659 | D:8      | Noticed a three-headed hydra
  9896 | D:8      | Killed a one-headed hydra
  9896 | D:8      | Reached skill level 5 in Shields
  9896 | D:8      | Reached XP level 11. HP: 58/81 MP: 8/19
  9971 | D:9      | Found a white marble altar of Elyvilon.
 10017 | D:9      | Found a snail-covered altar of Cheibriados.
 10041 | D:9      | Reached skill level 6 in Shields
 10066 | D:9      | Found a flagged portal.
 10258 | D:9      | Reached skill level 7 in Shields
 10286 | D:9      | Reached *** piety under Kikubaaqudgha
 10286 | D:9      | Identified Kikubaaqudgha's Handbook of Stolen Souls
                  | (Kikubaaqudgha gifted it to you on level 9 of the Dungeon)
 10286 | D:9      | Received a gift from Kikubaaqudgha
 10356 | D:9      | Learned a level 5 spell: Borgnjor's Vile Clutch
 10429 | D:9      | Reached skill level 1 in Earth Magic
 10475 | Bailey   | Entered a bailey
 10751 | Bailey   | Noticed an orc knight
 10755 | Bailey   | Noticed an orc knight
 10767 | Bailey   | Noticed an orc knight
 10930 | Bailey   | Killed an orc knight
 10955 | Bailey   | Killed an orc knight
 10955 | Bailey   | Reached skill level 5 in Earth Magic
 10955 | Bailey   | Reached skill level 5 in Necromancy
 10963 | Bailey   | Killed an orc knight
 11003 | Bailey   | Got a pair of heavily runed boots
 11060 | D:9      | Identified the cursed +0 pair of boots "Qilem" {*Slow rF+
                  | rN+ Int+4} (You found it in a bailey)
 11127 | D:9      | Found a staircase to the Orcish Mines.
 11353 | D:9      | Found a bloodstained altar of Trog.
 11651 | D:10     | Entered Level 10 of the Dungeon
 11669 | D:10     | Reached **** piety under Kikubaaqudgha
 11722 | D:10     | Found a staircase to the Lair.
 12209 | D:10     | Noticed a two-headed ogre
 12221 | D:10     | Reached XP level 12. HP: 68/87 MP: 13/20
 12225 | D:10     | Killed a two-headed ogre
 12336 | D:10     | Found a portal to a secret trove of treasure.
 12662 | D:11     | Noticed a two-headed ogre
 12679 | D:11     | Killed a two-headed ogre
 12906 | D:11     | Learned a level 4 spell: Dispel Undead
 12917 | D:11     | Reached ***** piety under Kikubaaqudgha
 13030 | D:11     | Noticed an unseen horror
 13075 | D:11     | Noticed Psyche
 13162 | D:11     | Killed Psyche
 13255 | D:11     | Reached skill level 8 in Shields
 13401 | D:11     | Killed an unseen horror
 13600 | D:11     | Reached skill level 9 in Shields
 13777 | Orc:1    | Entered Level 1 of the Orcish Mines
 13913 | Orc:1    | Noticed an orc high priest
 13964 | Orc:1    | Killed an orc high priest
 13964 | Orc:1    | Reached skill level 10 in Shields
 14021 | Orc:1    | Reached XP level 13. HP: 88/93 MP: 10/21
 14125 | Orc:1    | Reached skill level 11 in Shields
 14130 | Orc:1    | Found a roughly hewn altar of Beogh.
 14185 | Orc:1    | Noticed an ettin
 14271 | Orc:1    | Killed an ettin
 14271 | Orc:1    | Reached skill level 12 in Shields
 14575 | Orc:2    | Entered Level 2 of the Orcish Mines
 14638 | Orc:2    | Noticed Saint Roka
 14742 | Orc:2    | Found a staircase to the Elven Halls.
 14752 | Orc:1    | Reached ****** piety under Kikubaaqudgha
 14781 | D:9      | Received a gift from Kikubaaqudgha
 14783 | D:9      | Fell from the grace of Kikubaaqudgha
 14877 | Temple   | Became a worshipper of Gozag Ym Sagoz the Greedy
 15247 | D:12     | Reached skill level 13 in Shields
 15583 | D:12     | Found a glowing golden altar of the Shining One.
 15827 | D:13     | Noticed a vault guard
 15837 | D:13     | Killed a vault guard
 15863 | D:13     | Noticed a vault guard
 15881 | D:13     | Killed a vault guard
 15881 | D:13     | Reached skill level 14 in Shields
 16049 | D:13     | Found a gate to the Vaults.
 16864 | D:14     | Reached skill level 15 in Shields
 16884 | D:14     | Mangled by a white ugly thing

Illustrated notes

Levels and vault maps discovered:
D:1:      evilmike_arrival_plus, layout_basic
D:2:      layout_basic, overflow_temple_1_default
D:3:      layout_loops_ring, chequers_ecumenical_altar_simple_redux
D:4:      layout_rooms, tgw_xom, nicolae_qazlal_style_of_elements, uniq_grinder
D:5:      minmay_spotlight, layout_rooms, first_ration,
          hangedman_minor_gate_pass, uniq_sigmund, uniq_edmund
D:6:      layout_cave_pools, minmay_temple_entry_glassed_door,
          mrwooster_statue_mirror, grunt_nemelex_the_gamble
D:7:      layout_layer_cave, minitemple
D:8:      layout_basic, serial_shops, shop_coins, hangedman_ranch
          [blue_anna_fruit_fields], uniq_erica
D:9:      layout_loops_ring, elyvilon_altar_3, erik_orc_4, enter_bailey_3,
          hangedman_feature_mirror, hangedman_decor_opposing
D:10:     layout_roguey, dpeg_oklobed_lair, nicolae_trove_entry_crossroad,
          kennysheep_generic_room_7
D:11:     layout_rooms, minmay_misc_feat_x, uniq_psyche
D:12:     layout_rooms, tso_altar
D:13:     layout_gridville, ximxim_vaults_locker_room
D:14:     layout_layer_cave, nicolae_ru_path_of_blood
Temple:   regret_index_temple_waves
Orc:1:    layout_caves, basic_altar
Orc:2:    st_orc_ogre_mass, layout_caves, mines2_david, uniq_saint_roka

Skill      XL: |  1  2  3  4  5  6  7  8  9 10 11 12 13 |
---------------+----------------------------------------+-----
Conjurations   | 1 2 3 4 5 6 |  6.0
Fire Magic     | 3 5 |  5.0
Air Magic      | 2 5 |  5.0
Fighting       | 1 4 5 |  5.9
Armour         | 1 4 5 |  5.8
Dodging        | 2 4 5 |  5.3
Necromancy     | 2 4 6 9 |  9.0
Spellcasting   | 4 5 |  5.5
Shields        | 5 7 10 15 | 15.0
Earth Magic    | 7 9 |  9.0
Stealth        | |  2.4
Summonings     | |  1.0
Translocations | |  0.8

Action                   |  1- 3 |  4- 6 |  7- 9 | 10-12 | 13-15 || total
-------------------------+-------+-------+-------+-------+-------++-------
Melee: Club              |     6 |       |       |       |       ||     6
       Dagger            |    15 |    56 |   143 |   308 |     3 ||   525
       Flail             |       |       |    66 |   175 |   280 ||   521
       Halberd           |       |       |    13 |   126 |       ||   139
       Falchion          |       |       |       |     5 |       ||     5
 Fire: Hunting sling     |    16 |    54 |    55 |     7 |       ||   132
Throw: Dart              |       |       |     4 |       |       ||     4
 Cast: Magic Dart        |    55 |    64 |    68 |    20 |     8 ||   215
       Mephitic Cloud    |       |     5 |    44 |    73 |    17 ||   139
       Conjure Flame     |       |     1 |    31 |    52 |    14 ||    98
       Borgnjor's Vile C |       |       |       |    16 |    39 ||    55
       Sublimation of Bl |       |       |       |     2 |     8 ||    10
       Vampiric Draining |       |       |       |     2 |       ||     2
       Dispel Undead     |       |       |       |     7 |     3 ||    10
Invok: Receive Necronomi |       |       |       |       |     1 ||     1
       Renounce Religion |       |       |       |       |     1 ||     1
 Abil: Dig               |     1 |     1 |    16 |    22 |     4 ||    44
  Use: Scroll            |       |     4 |     1 |    12 |       ||    17
       Potion            |       |       |       |     5 |       ||     5
 Stab: Sleeping          |     1 |       |       |     1 |     1 ||     3
       Confused          |       |     2 |    12 |    11 |    13 ||    38
       Distracted        |       |       |     1 |       |     1 ||     2
  Eat: Chunk             |     2 |     7 |    23 |    30 |     9 ||    71
       Ration            |       |       |       |       |     5 ||     5
Armor: Robe              |     4 |    11 |    27 |    39 |       ||    81
       Troll leather arm |       |       |       |    46 |    71 ||   117
Dodge: Dodged            |    25 |    59 |   151 |   323 |   144 ||   702
Block: Buckler           |       |       |       |   101 |       ||   101
       Kite shield       |       |       |       |    15 |    32 ||    47
       Tower shield      |       |       |       |       |   260 ||   260
       Rpst.: Falchion   |       |       |       |     1 |       ||     1
